 Dungeon Crawl Stone Soup version 0.30-a0-341-g682706514a (webtiles) character file.

Game seed: 490872993907578253

356 drewk1942 the Ruffian (level 6, -2/61 HPs)
             Began as a Troll Fighter on Nov 4, 2022.
             Slain by an orc priest
             ... wielding a +0 trident
              (9 damage)
             ... on level 4 of the Dungeon.
             The game lasted 00:03:04 (2304 turns).

drewk1942 the Ruffian (Troll Fighter)               Turns: 2304, Time: 00:03:04

Health: -2/61      AC:  4    Str: 27    XL:     6   Next: 36%
Magic:  5/5        EV:  9    Int:  4    God:
Gold:   202        SH:  7    Dex:  9    Spells: 5/5 levels left

rFire   . . .      SeeInvis .      - Unarmed
rCold   . . .      Faith    .    b - +0 kite shield
rNeg    . . .      Spirit   .    a - +0 robe
rPois   .          Reflect  .    (helmet restricted)
rElec   .          Harm     .    (no cloak)
rCorr   .          Rampage  .    (gloves unavailable)
Will    .....                    (boots unavailable)
Stlth   +.........               (no amulet)
HPRegen 1.10/turn                (no ring)
MPRegen 0.09/turn                (no ring)

@: no status effects
A: large, unfitting armour, claws 3, regeneration 1, shaggy fur 1, tough skin 1
a: no special abilities


You were on level 4 of the Dungeon.
You visited 1 branch of the dungeon, and saw 4 of its levels.

You collected 202 gold pieces.

Inventory:

Armour
 a - a +0 robe (worn)
 b - a +0 kite shield (worn)
Jewellery
 h - a ring of protection from fire
 k - a +6 ring of intelligence
Wands
 c - a wand of flame (23)
 q - a wand of quicksilver (5)
Scrolls
 d - a scroll of silence {unknown}
 e - 4 scrolls of identify {unknown}
 f - 3 scrolls of enchant weapon {unknown}
 i - 4 scrolls of teleportation {unknown}
 l - a scroll of amnesia {unknown}
 m - a scroll of immolation {unknown}
 n - a scroll of poison {unknown}
 o - a scroll of enchant armour {unknown}
 p - a scroll of vulnerability {unknown}
Potions
 g - a potion of heal wounds
 j - a potion of flight {unknown}
 r - a potion of berserk rage {unknown}
 s - a potion of invisibility {unknown}
 t - a potion of curing {unknown}
 u - a potion of haste {unknown}
 v - 3 potions of mutation {unknown}


   Skills:
 + Level 3.4 Fighting
 + Level 3.4 Dodging
 + Level 3.7 Shields
 * Level 4.5 Unarmed Combat


You had 5 spell levels left.
You didn't know any spells.
Your spell library contained the following spells:

 Spells                   Type           Power      Damage    Failure   Level
 Freeze                   Ice            0%         1d3       80%         1
 Cigotuvi's Dreadful Rot  Necr/Pois/Air  0%         N/A       90%         2
 Poisonous Vapours        Pois/Air       0%         N/A       90%         2
 Frozen Ramparts          Ice            0%         1d1       99%         3
 Hailstorm                Conj/Ice       0%         3d3       99%         3
 Mephitic Cloud           Conj/Pois/Air  0%         N/A       99%         3


Dungeon Overview and Level Annotations

Branches:
Dungeon (4/15)
 Temple: D:4-7

Altars:
Dithmenos
Elyvilon
Nemelex Xobeh


Innate Abilities, Weirdness & Mutations

You are too large for most types of armour.
You have claws for hands.
Your natural rate of healing is unusually fast.
You are covered in fur. (AC +1)
You have tough skin. (AC +1)


Message History

You kill the jelly!
You scratch the orc.
The orc is lightly wounded.
The orc hits you with a +0 mace.
You claw the orc!
You kill the orc!
You scratch the orc.
The orc is heavily wounded.
The orc barely misses you.
The orc priest calls down the wrath of Beogh upon you.
Pain shoots through your body!
You claw the orc!
You kill the orc!
You barely miss the worm. You mangle the worm!!
You kill the worm!
The orc priest barely misses you.
The orc priest hits you from afar with a +0 trident.
Items here: )) [ ††.
The orc priest mumbles some strange prayers to Beogh against you.
Pain shoots through your body!
You barely miss the orc priest.
The orc priest looks satisfied for a moment.
You barely miss the orc priest.
The orc priest hits you with a +0 trident.
You scratch the orc priest but do no damage.
The orc priest barely misses you.
You scratch the orc priest.
The orc priest is moderately wounded.
The orc priest hits you with a +0 trident.
You scratch the orc priest but do no damage.
The orc priest is moderately wounded.
The orc priest hits you with a +0 trident.
The orc priest calls down the wrath of Beogh upon you.
Beogh smites you!
* * * LOW HITPOINT WARNING * * *
You closely miss the orc priest.
The orc priest is moderately wounded.
The orc priest hits you with a +0 trident!
You die...

.##
#.######.#####.######
.# ...
.....##.........# .#
..## ....##.##.####.#
.# ## ~..##.##.#
≈≈≈#≈ #..##.##.# ##
≈≈≈≈≈##.#.....# #≈≈#≈
≈#≈≈.#..######.
≈≈≈≈≈≈≈≈#..o........
≈#≈≈#≈##..#@###### .
≈≈≈≈≈#..##)# #.. #≈
#~#..##.#
#....#~##...o...#
#............#..#
####................
#################


You could see an orc priest.

Vanquished Creatures
  Blork the orc (D:4)
  A hound (D:4)
  2 jellies
  An iguana (D:4)
  Natasha (thrice) (D:3)
  4 adders
  3 worms
  4 dart slugs
  2 orcs (D:4)
  3 bats
  5 endoplasms
  2 giant cockroaches
  5 goblins
  2 hobgoblins
  2 jackals (D:1)
  2 quokkas
  8 ball pythons
  5 frilled lizards
  4 kobolds
59 creatures vanquished.

Vanquished Creatures (others)
  3 plants (D:3)
3 creatures vanquished.

Grand Total: 62 creatures vanquished

Notes
Turn   | Place    | Note
-------+----------+-------------------------------------------
     0 | D:1      | drewk1942 the Troll Fighter began the quest for the Orb.
     0 | D:1      | Reached XP level 1. HP: 22/22 MP: 0/0
   132 | D:1      | Reached XP level 2. HP: 29/29 MP: 1/1
   643 | D:2      | Identified the +0 chain mail of the Many Thickets {rElec
                  | rCorr Str+3 Stlth+}
   668 | D:2      | Reached XP level 3. HP: 36/36 MP: 2/2
   895 | D:2      | Found a sparkling altar of Nemelex Xobeh.
  1394 | D:3      | Found a shadowy altar of Dithmenos.
  1395 | D:3      | Noticed Natasha
  1402 | D:3      | Killed Natasha
  1403 | D:3      | Reached skill level 3 in Unarmed Combat
  1403 | D:3      | Reached XP level 4. HP: 44/44 MP: 3/3
  1408 | D:3      | Noticed Natasha
  1417 | D:3      | HP: 2/44 [Natasha (3)]
  1421 | D:3      | Killed Natasha
  1430 | D:3      | Found a white marble altar of Elyvilon.
  1654 | D:3      | Reached XP level 5. HP: 51/53 MP: 4/4
  1693 | D:3      | Noticed Natasha
  1702 | D:3      | Killed Natasha
  2000 | D:4      | Reached skill level 4 in Unarmed Combat
  2196 | D:4      | Noticed Blork the orc
  2207 | D:4      | Killed Blork the orc
  2208 | D:4      | Reached XP level 6. HP: 24/61 MP: 5/5
  2304 | D:4      | Slain by an orc priest

Illustrated notes

Levels and vault maps discovered:
D:1:      eino_arrival_tree_alley, layout_basic
D:2:      layout_basic, basic_altar
D:3:      layout_basic, mainiacjoe_overflow_chevrons,
          nicolae_dithmenos_shadow_blocks, minmay_misc_feat_square,
          nicolae_elevator_lobby_plus, uniq_natasha
D:4:      layout_loops_ring, grunt_temple_overflow_opulence, minivault_4,
          uniq_blork_the_orc

Skill      XL: |  1  2  3  4  5 |
---------------+----------------+-----
Shields        | 3 |  3.7
Unarmed Combat | 3 4 |  4.5
Fighting       | 3 |  3.4
Dodging        | 3 |  3.4

Action                   |  1- 3 |  4- 6 || total
-------------------------+-------+-------++-------
Melee: Unarmed           |    75 |   110 ||   185
  Use: Potion            |       |     2 ||     2
Armor: Robe              |    20 |    17 ||    37
Dodge: Dodged            |    24 |    35 ||    59
Block: Kite shield       |    20 |    36 ||    56

Table legend: (Time is in decaauts)
 A = Elapsed time spent in this place.
 B = Non-inter-level travel time spent in this place.
 C = Inter-level travel time spent in this place.
 D = Time resting spent in this place.
 E = Time spent auto-exploring this place.
 F = Levels seen in this place.
 G = Mean time per level.
                   A        B        C        D        E       F      G
               +--------+--------+--------+--------+--------+-----+--------+
         Total |   2317 |   2176 |    141 |      0 |   1671 |   4 |  579.2 |
       Dungeon |   2317 |   2176 |    141 |      0 |   1671 |   4 |  579.2 |
               +--------+--------+--------+--------+--------+-----+--------+

Top non-repeatable levels by time:
     D:2: 783 daAuts
     D:1: 617 daAuts
     D:3: 600 daAuts
     D:4: 316 daAuts
